 Dungeon Crawl Stone Soup version 0.20-a0-550-gf70bbbc (webtiles) character file.

95 KristoblXynda the Insei (level 4, -2/38 HPs)
             Began as a Draconian Monk on Feb 1, 2017.
             Slain by an orc wizard
             ... wielding a +0 dagger
              (5 damage)
             ... on level 3 of the Dungeon on Feb 2, 2017.
             The game lasted 00:02:49 (1297 turns).

KristoblXynda the Insei (Draconian Monk)            Turns: 1297, Time: 00:02:50

Health: -2/38      AC:  5    Str: 18    XL:     4   Next: 40%
Magic:  4/4        EV: 13    Int: 12    God:
Gold:   192        SH:  0    Dex: 13    Spells: 3/3 levels left

rFire    . . .     SeeInvis .     - Unarmed
rCold    . . .     Gourm    .   (armour unavailable)
rNeg     . . .     Faith    .   (no shield)
rPois    .         Spirit   .   (helmet restricted)
rElec    .         Reflect  .   (no cloak)
rCorr    .         Harm     .   (no gloves)
MR       .....                  (no boots)
Stlth    ++........             (no amulet)
Regen    0.2/turn               (no ring)
                                (no ring)

@: mighty, very slightly contaminated, hasted, very quick
A: unfitting armour, cold-blooded, AC +5
a: no special abilities


You were on level 3 of the Dungeon.
You were not hungry.

You visited 1 branch of the dungeon, and saw 3 of its levels.

You collected 192 gold pieces.

Inventory:

Missiles
 j - 4 javelins (quivered)
Scrolls
 c - a scroll of teleportation {unknown}
 d - 2 scrolls of recharging {unknown}
 e - 3 scrolls of enchant weapon {unknown}
 f - 2 scrolls of identify {unknown}
 g - a scroll of amnesia {unknown}
Potions
 b - 2 potions of might
Comestibles
 a - a bread ration
 h - a royal jelly
 i - a meat ration


   Skills:
 - Level 3.2 Fighting
 + Level 3.2 Dodging
 + Level 3.0 Stealth
 + Level 4.1 Unarmed Combat


You had 3 spell levels left.
You didn't know any spells.

Dungeon Overview and Level Annotations

Branches:
Dungeon (3/15)

Altars:


Innate Abilities, Weirdness & Mutations

Your plain brown scales are hard. (AC +5)
You cannot fit into any form of body armour.
You are cold-blooded and may be slowed by cold attacks.


Message History

Items here: ( ) [ † a club; a ring mail; a tomahawk; an orc corpse You hit the orc wizard.
The orc wizard is moderately wounded.
The orc wizard gestures at you while chanting.
The puff of frost hits you!
* * * LOW HITPOINT WARNING * * *
You hit the orc wizard but do no damage.
The orc wizard is moderately wounded.
The orc wizard closely misses you.
It was a potion of might.
You feel very mighty all of a sudden.
Unknown command.
It was a potion of haste.
You feel yourself speed up. The orc wizard casts a spell at you.
The puff of flame hits you!
* * * LOW HITPOINT WARNING * * *
You are very lightly contaminated with residual magic.
The orc wizard hits you with a dagger.
You die...

###..#..#.####....######
.......(...............#
###.....####.##.÷)####+####
.....##.# #.##.##........#
#######'####'##...........#
.......(......###.o.......#
..............#...o.oo....#
..............#.#######'###
..............#o@o# #.o#
..............###)# ##.#
..............# #.# o.
..............###.# #.#
...............##+###### o#
...........†...#........ ..
...............#........
#.# ..............#........
........(........#


You could see an orc wizard and an orc.

Vanquished Creatures
  3 adders
  A worm (D:2)
  3 dart slugs
  2 leopard geckos (D:2)
  3 orcs (D:3)
  A ball python (D:2)
  2 bats
  3 giant cockroaches
  9 goblins
  4 hobgoblins
  6 jackals (D:3)
  7 kobolds
  2 frilled lizards (D:2)
  4 rats
50 creatures vanquished.

Notes
Turn   | Place    | Note
-------+----------+-------------------------------------------
     0 | D:1      | KristoblXynda the Draconian Monk began the quest for the Orb.
     0 | D:1      | Reached XP level 1. HP: 19/19 MP: 1/1
   231 | D:1      | Upgraded the game from 0.20-a0-548-g4f8a798 to 0.20-a0-550-gf70bbbc
   256 | D:1      | Reached XP level 2. HP: 26/26 MP: 2/2
   568 | D:2      | Reached XP level 3. HP: 25/31 MP: 3/3
   960 | D:3      | Reached XP level 4. HP: 37/38 MP: 4/4
  1023 | D:3      | Reached skill level 4 in Unarmed Combat
  1297 | D:3      | Slain by an orc wizard

Vault maps used:
D:1:      tarquinn_simple_flora_water_a
D:2:      kennysheep_generic_room_3
D:3:      led_sif_book, nemelex_altar_shiori

Skill      XL: |  1  2  3  4 |
---------------+-------------+-----
Dodging        | 3 |  3.2
Stealth        | 2 3 |  3.0
Unarmed Combat | 4 |  4.1
Fighting       | |  3.2

Action                   |  1- 3 |  4- 6 || total
-------------------------+-------+-------++-------
Melee: Unarmed           |   130 |    45 ||   175
       Tailslap          |    13 |     4 ||    17
       Punch             |     2 |       ||     2
  Use: Potion            |       |     2 ||     2
 Stab: Sleeping          |     3 |       ||     3
  Eat: Chunk             |       |     1 ||     1
Armor: Skin              |    30 |    12 ||    42
Dodge: Dodged            |   107 |    48 ||   155
